 Dungeon Crawl Stone Soup version 0.30-a0-919-g9323dee000 (webtiles) character file.

Game seed: 10120238798728336855

11960 Aequonox the Thaumaturge (level 11, -4/54 HPs)
             Began as a Deep Elf Fire Elementalist on Mar 21, 2023.
             Was a Priest of Qazlal.
             Killed by the air
             ... invoked by Gastronok
              (23 damage)
             ... on level 1 of the Orcish Mines.
             The game lasted 00:47:29 (17748 turns).

Aequonox the Thaumaturge (DEFE)                    Turns: 17748, Time: 00:47:32

Health: -4/54      AC: 12    Str:  5    XL:     11   Next: 56%
Magic:  27/27      EV: 17    Int: 25    God:    Qazlal [***...]
Gold:   522        SH:  4    Dex: 15    Spells: 16/30 levels left

rFire   + + .      SeeInvis +    C - +5 quarterstaff (venom)
rCold   + . .      Faith    .    (shield currently unavailable)
rNeg    . . .      Spirit   .    A - +2 robe {rC+ rF+}
rPois   .          Reflect  .    L - +2 helmet
rElec   .          Rampage  .    I - scarf {+Inv}
rCorr   .                        a - +1 pair of gloves
Will    +....                    G - +2 pair of boots
Stlth   +++                      (no amulet)
HPRegen 0.29/turn                M - ring of protection from fire
MPRegen 0.20/turn                o - ring of see invisible

@: no status effects
A: mutation resistance 1
a: Renounce Religion, Evoke Invisibility, Upheaval, Elemental Force


You were on level 1 of the Orcish Mines.
You worshipped Qazlal.
Qazlal was most pleased with you.
You visited 3 branches of the dungeon, and saw 15 of its levels.

You collected 912 gold pieces.
You spent 390 gold pieces at shops.

Inventory:

Hand Weapons
 C - a +5 quarterstaff of venom (weapon)
 P - a +1 dagger of distortion
Missiles
 d - 3 atropa-tipped darts
 R - a throwing net
 W - 4 curare-tipped darts (quivered)
Armour
 a - a +1 pair of gloves (worn)
 n - +0 steam dragon scales
 A - a +2 robe of resistance (worn)
 D - a +0 cloak
 E - a +1 hat
 G - a +2 pair of boots (worn)
 I - a scarf of invisibility (worn)
 L - a +2 helmet (worn)
Magical Staves
 q - a staff of cold
Jewellery
 c - a ring of flight
 o - a ring of see invisible (right hand)
 H - a +4 ring of slaying
 M - a ring of protection from fire (left hand)
Wands
 s - a wand of roots (23)
 F - a wand of flame (15)
 O - a wand of quicksilver (3)
Scrolls
 e - 2 scrolls of enchant weapon
 g - a scroll of magic mapping
 h - 3 scrolls of immolation
 k - 2 scrolls of poison
 p - 3 scrolls of amnesia
 u - 2 scrolls of brand weapon
 w - a scroll of silence {unknown}
 x - a scroll of acquirement {unknown}
 y - a scroll of torment {unknown}
 B - a scroll of butterflies {unknown}
 K - 3 scrolls of blinking {unknown}
 U - a scroll of enchant armour
Potions
 b - a potion of magic
 j - a potion of ambrosia {unknown}
 l - 4 potions of mutation
 m - 2 potions of lignification {unknown}
 t - 8 potions of curing
 v - 2 potions of cancellation
 z - a potion of brilliance
 J - a potion of berserk rage
 N - a potion of flight {unknown}
 S - a potion of resistance {unknown}
 V - 2 potions of attraction {unknown}


   Skills:
 + Level 9.5 Dodging
 - Level 7.0 Stealth
 + Level 10.2 Spellcasting
 + Level 8.3 Conjurations
 - Level 4.6 Hexes
 + Level 3.9 Translocations
 + Level 8.9 Fire Magic
 + Level 6.1 Invocations
 + Level 6.0 Evocations


You had 16 spell levels left.
You knew the following spells:

 Your Spells              Type           Power      Damage    Failure   Level
a - Foxfire               Conj/Fire      100%       2x1d9     1%          1
b - Scorch                Fire           100%       2d10      1%          2
c - Fireball              Conj/Fire      27%        3d12      3%          5
d - Inner Flame           Hex/Fire       46%        N/A       1%          3
e - Kindle Blastsparks    Fire/Tloc/Air  68%        2d15      2%          3

Your spell library contained the following spells:

 Spells                   Type           Power      Damage    Failure   Level
 Flame Wave               Conj/Fire      54%        2d13      1%          4
 Starburst                Conj/Fire      27%        6d9       22%         6


Dungeon Overview and Level Annotations

Branches:
Dungeon (10/15)            Temple (0/1) D:7            Lair (3/5) D:8
    Orc (2/2) D:9
  Swamp: Lair:2-3    Shoals: Lair:2-3     Snake: Lair:2-3    Spider: Lair:2-3
    Elf: Orc:2

Altars:
Ashenzari
Dithmenos
Gozag
Qazlal
Vehumet
Xom
Zin

Shops:
D:3 :=   D:4 :   D:6 =

Annotations:
Orc:1 Gastronok


Innate Abilities, Weirdness & Mutations

You are somewhat resistant to further mutation.


Message History

You now have 522 gold pieces (gained 25).
Items here: ( ) [ †.
You hear a shout!
An orc priest comes into view. It is wielding a +0 club.
The orc priest shouts!
An orc high priest comes into view. It is wielding a +0 flail.
You hear a shout!
The orc priest calls down the wrath of Beogh upon you.
Beogh smites you!
Casting: Scorch (safe; 1% risk of failure)
Confirm with . or Enter, or press ? or * to list all spells.
A cloud of volatile blastsparks flares up around you!
Casting: Kindle Blastsparks (dangerous; 2% risk of failure)
Confirm with . or Enter, or press ? or * to list all spells.
A cloud of volatile blastsparks flares up around you!
The orc priest mumbles some strange prayers to Beogh against you.
Beogh smites you!
The orc high priest calls down the wrath of Beogh upon you.
Beogh smites you!
* * * LOW HITPOINT WARNING * * *
The orc priest mumbles some strange prayers to Beogh against you.
Beogh smites you!
* * * LOW HITPOINT WARNING * * *
As you read the scroll of fog, it crumbles to dust.
The scroll dissolves into smoke.
The orc high priest mumbles some strange prayers to Beogh.
You hear a roar!
You hear a chilling moan.
You hear a shout!
The hellwing disappears in a puff of smoke!
There is a stone staircase leading up here.
Casting: Kindle Blastsparks (dangerous; 2% risk of failure)
Confirm with . or Enter, or press ? or * to list all spells.
You don't know that spell.
You climb upwards.
Level annotation: Gastronok You hear a shout!
You block the orc's attack.
Gastronok waves his eye-stalks in wide circles.
The air twists around and strikes you!!
You die...

.............#.#
....#........$..
................
................
...............
# ....w......#
..#
...........##..#
........○......#
#........@....##
........o.....#
#..###....#..##
### #########


You could see Gastronok and an orc.

Vanquished Creatures
  Sonja (Lair:2)
  Pikel (D:7)
  4 elephants
  A black mamba (Lair:3)
  Maggie (D:8)
  4 komodo dragons
  A polar bear (Lair:1)
  A hornet (D:8)
  A shadow (D:9)
  10 yaks
  A basilisk (Lair:1)
  3 steam dragons
  An acid dragon (D:7)
  8 water moccasins
  5 orc warriors
  5 black bears
  5 ogres
  5 centaurs
  A phantom (D:6)
  A kobold brigand (D:9)
  6 bullfrogs
  A scorpion (D:4)
  2 gnoll sergeants
  2 jellies (D:6)
  6 killer bees
  2 howler monkeys
  An electric eel (Lair:2)
  5 hounds
  9 orc priests
  Crazy Yiuf (D:5)
  9 iguanas
  2 gnoll boudas
  13 orc wizards
  Natasha (thrice) (D:2)
  18 gnolls
  7 adders
  2 shadow imps
  A white imp (D:5)
  2 ufetubi
  3 worms
  2 dart slugs (D:1)
  42 orcs
  7 ball pythons
  4 bats
  5 endoplasms
  3 giant cockroaches
  7 goblins
  9 hobgoblins
  5 jackals
  15 kobolds
  A quokka (D:3)
  2 frilled lizards (D:1)
  A rat (D:2)
258 creatures vanquished.

Vanquished Creatures (collateral kills)
  14 foxfires
14 creatures vanquished.

Vanquished Creatures (others)
  707 foxfires
  10 fungi
  34 plants
751 creatures vanquished.

Grand Total: 1023 creatures vanquished

Notes
Turn   | Place    | Note
-------+----------+-------------------------------------------
     0 | D:1      | Aequonox the Deep Elf Fire Elementalist began the quest for
                  | the Orb.
     0 | D:1      | Reached XP level 1. HP: 10/10 MP: 6/6
   338 | D:1      | Reached XP level 2. HP: 15/15 MP: 4/8
   943 | D:1      | Found a faded altar of an unknown god.
   943 | D:1      | Noticed an orange demon
  1077 | D:1      | You fall into a shaft and drop 1 floor!
  1200 | D:2      | Reached XP level 3. HP: 19/19 MP: 2/9
  1351 | D:2      | Noticed Natasha
  1355 | D:2      | Killed Natasha
  1676 | D:2      | Noticed Natasha
  1681 | D:2      | Killed Natasha
  1682 | D:2      | Reached XP level 4. HP: 24/24 MP: 5/11
  1956 | D:2      | Noticed Natasha
  1960 | D:2      | Killed Natasha
  1961 | D:2      | Reached skill level 4 in Spellcasting
  2092 | D:2      | Learned a level 2 spell: Scorch
  2137 | D:3      | Found Eleimou's Book Boutique.
  2547 | D:3      | Reached XP level 5. HP: 20/28 MP: 1/13
  2659 | D:3      | Found Eczikim's Jewellery Emporium.
  3322 | D:4      | Found Kixooxur's Book Shop.
  3484 | D:4      | Reached XP level 6. HP: 24/32 MP: 8/14
  3651 | D:4      | Found a shimmering altar of Xom.
  3658 | D:4      | Found a shadowy altar of Dithmenos.
  3667 | D:4      | Found a stormy altar of Qazlal.
  3727 | D:4      | Became a worshipper of Qazlal Stormbringer
  4387 | D:4      | Reached skill level 5 in Spellcasting
  4734 | D:5      | Entered Level 5 of the Dungeon
  4744 | D:5      | Reached XP level 7. HP: 28/36 MP: 5/16
  4748 | D:5      | Reached skill level 5 in Stealth
  5032 | D:5      | Reached skill level 5 in Fire Magic
  5223 | D:5      | Reached skill level 5 in Dodging
  5474 | D:5      | Found a runed translucent door.
  5475 | D:5      | Noticed Crazy Yiuf
  5843 | D:5      | Killed Crazy Yiuf
  6111 | D:6      | Reached skill level 6 in Spellcasting
  6111 | D:6      | Reached XP level 8. HP: 41/41 MP: 13/19
  6223 | D:6      | Reached * piety under Qazlal
  6520 | D:6      | Found a radiant altar of Vehumet.
  6705 | D:6      | Found Laipp's Jewellery Shoppe.
  6729 | D:6      | Reached skill level 5 in Conjurations
  7099 | D:6      | Found an opulent altar of Gozag.
  7099 | D:6      | Found a glowing silver altar of Zin.
  7507 | D:7      | Reached skill level 7 in Spellcasting
  7673 | D:7      | Noticed Pikel
  7815 | D:7      | Killed Pikel
  7816 | D:7      | Reached skill level 1 in Hexes
  7816 | D:7      | Reached skill level 1 in Translocations
  7816 | D:7      | Reached skill level 1 in Invocations
  7816 | D:7      | Reached skill level 1 in Evocations
  7816 | D:7      | Reached XP level 9. HP: 37/45 MP: 8/22
  8153 | D:7      | Found a staircase to the Ecumenical Temple.
  8891 | D:8      | Reached ** piety under Qazlal
  9275 | D:7      | Reached skill level 8 in Spellcasting
  9450 | D:8      | Noticed Maggie
  9472 | D:8      | Killed Maggie
  9550 | D:8      | Found a staircase to the Lair.
  9550 | D:8      | Noticed a komodo dragon
  9589 | D:8      | Killed a komodo dragon
  9783 | D:8      | Found an opulent altar of Gozag.
  9806 | D:7      | Reached XP level 10. HP: 25/50 MP: 14/24
 10014 | D:7      | Gained mutation: You are somewhat resistant to further
                  | mutation. [potion of mutation]
 10568 | D:8      | Paralysed by a hornet for 1 turns
 11406 | D:9      | Found a staircase to the Orcish Mines.
 11613 | D:4      | Bought a book of Fire for 390 gold pieces
 11619 | D:4      | Learned a level 5 spell: Fireball
 11623 | D:4      | Learned a level 3 spell: Inner Flame
 11627 | D:4      | Learned a level 3 spell: Kindle Blastsparks
 11729 | Orc:1    | Entered Level 1 of the Orcish Mines
 12619 | D:9      | Reached *** piety under Qazlal
 12620 | D:9      | Reached skill level 9 in Spellcasting
 12948 | D:10     | Entered Level 10 of the Dungeon
 13057 | Lair:1   | Entered Level 1 of the Lair of Beasts
 13411 | Lair:1   | Found a broken altar of Ashenzari.
 13611 | Lair:1   | Reached skill level 5 in Invocations
 14085 | Lair:2   | Noticed an elephant
 14085 | Lair:2   | Noticed an elephant
 14085 | Lair:2   | Noticed an elephant
 14085 | Lair:2   | Noticed an elephant
 14085 | Lair:2   | Noticed an elephant
 14164 | Lair:1   | Killed an elephant
 14165 | Lair:1   | Reached XP level 11. HP: 45/54 MP: 14/26
 14342 | Lair:2   | Reached skill level 5 in Evocations
 14884 | Lair:2   | Noticed Sonja
 15054 | Lair:2   | Killed Sonja
 15648 | Lair:3   | Reached skill level 10 in Spellcasting
 16737 | Orc:1    | Noticed Gastronok
 16742 | Orc:2    | Entered Level 2 of the Orcish Mines
 17690 | Orc:2    | Noticed an orc high priest
 17748 | Orc:1    | Killed from afar by Gastronok

Illustrated notes

Levels and vault maps discovered:
D:1:      matt_arrival_los_fun, layout_basic,
          dreamdust_ecumenical_altar_sealed_demon
D:2:      layout_basic, uniq_natasha
D:3:      layout_basic, serial_shops, shop, shop
D:4:      layout_cave_pools, minmay_overflow_temple_star_quad, serial_forest,
          infiniplex_forest_end_1, infiniplex_forest_split,
          infiniplex_forest_end_3, infiniplex_forest_end_1,
          infiniplex_forest_zigzag_2, infiniplex_forest_clump_cross,
          serial_shops, nicolae_shop_hallway_stairs
D:5:      layout_basic, uniq_crazy_yiuf_cottage
D:6:      layout_basic, grunt_temple_overflow_gold_and_silver,
          vehumet_altar_wand_db, serial_shops, nicolae_shop_crystal,
          chequers_serial_rivers_small_a
D:7:      minmay_angry_zag, layout_gridville, temple_fountains, uniq_pikel
D:8:      layout_basic, david_lair_shrubbed, kennysheep_small_circle,
          uniq_maggie
D:9:      layout_roguey, orc_0_dummy
D:10:     layout_roguey, minivault_19, nicolae_shop_self_help
Lair:1:   layout_roguey, basic_altar, serial_bayou_pond_b, beast_lair_carwin_5
Lair:2:   layout_loops_ring, nicolae_quartered_pool_medium, lemuel_old_faithful,
          uniq_sonja
Lair:3:   layout_gridlike, minmay_shoals_entry_centaurs,
          nicolae_snake_entry_warm_welcome
Orc:1:    layout_caves, enter_volcano_1, ebering_ghost_rock_garden,
          lightli_church_of_beogh, uniq_gastronok, uniq_erolcha, uniq_nergalle
Orc:2:    st_orc_pillars, layout_caves, rock_pile

Skill      XL: |  1  2  3  4  5  6  7  8  9 10 11 |
---------------+----------------------------------+-----
Stealth        | 3 4 5 7 |  7.0
Dodging        | 3 4 5 6 7 8 9 |  9.5
Conjurations   | 2 3 4 5 6 7 8 |  8.3
Spellcasting   | 4 5 6 7 8 9 10 | 10.2
Fire Magic     | 4 5 6 7 8 |  8.9
Hexes          | 1 3 4 |  4.6
Translocations | 1 3 |  3.9
Invocations    | 1 3 5 6 |  6.1
Evocations     | 1 3 4 6 |  6.0

Action                     |  1- 3 |  4- 6 |  7- 9 | 10-12 || total
---------------------------+-------+-------+-------+-------++-------
  Melee: Staff             |       |     1 |       |       ||     1
         Quarterstaff      |       |       |     1 |    12 ||    13
  Throw: Dart              |       |       |       |     2 ||     2
   Cast: Foxfire           |    74 |   151 |   181 |    22 ||   428
         Scorch            |       |     5 |    94 |   192 ||   291
         Fireball          |       |       |       |    36 ||    36
         Kindle Blastspark |       |       |       |     4 ||     4
         Inner Flame       |       |       |       |     2 ||     2
  Evoke: Wand              |       |       |     1 |       ||     1
    Use: Scroll            |       |       |     5 |    14 ||    19
         Potion            |       |       |     1 |     4 ||     5
 Armour: Robe              |       |     1 |     8 |    38 ||    47
  Dodge: Dodged            |     1 |     8 |    23 |   160 ||   192
  Block: Other             |       |       |     2 |    23 ||    25

Table legend: (Time is in decaauts)
 A = Elapsed time spent in this place.
 B = Non-inter-level travel time spent in this place.
 C = Inter-level travel time spent in this place.
 D = Time resting spent in this place.
 E = Time spent auto-exploring this place.
 F = Levels seen in this place.
 G = Mean time per level.
                   A        B        C        D        E       F      G
               +--------+--------+--------+--------+--------+-----+--------+
         Total |  17777 |  16352 |   1425 |    424 |  13113 |  15 | 1185.1 |
       Dungeon |  13301 |  11996 |   1305 |    277 |   9944 |  10 | 1330.1 |
          Lair |   3460 |   3340 |    120 |    102 |   2514 |   3 | 1153.3 |
  Orcish Mines |   1016 |   1016 |      0 |     45 |    655 |   2 |  508.0 |
               +--------+--------+--------+--------+--------+-----+--------+

Top non-repeatable levels by time:
     D:8: 2088 daAuts
     D:7: 1774 daAuts
     D:6: 1676 daAuts
  Lair:2: 1649 daAuts
     D:9: 1604 daAuts
     D:4: 1600 daAuts
     D:3: 1241 daAuts
     D:5: 1174 daAuts
     D:1: 1077 daAuts
     D:2: 1058 daAuts
  Lair:1: 1010 daAuts
   Orc:2: 1005 daAuts
  Lair:3: 799 daAuts
   Orc:1: 10 daAuts
    D:10: 5 daAuts
